 Dungeon Sprint DCSS version 0.30-a0-867-g305f33218d (webtiles) character file.

Game seed: 7496696606494072681

6200000 BigDaddyOpFi the Intangible (level 27, -6/228 HPs)
             Began as a Djinni Warper on Mar 10, 2023.
             Was the Champion of Makhleb.
             Mangled by a meat berserker
             ... wielding a +9 battleaxe
              (31 damage)
             ... in the Dungeon (Sprint VIII: "Arena of Blood").
             The game lasted 00:01:36 (62 turns).

BigDaddyOpFi the Intangible (Djinni Warper)           Turns: 62, Time: 00:01:37

Health: -6/228     AC:  6    Str: 10    XL:     27
Gold:   0          EV: 37    Int: 16    God:    Makhleb [******] SH:  0 Dex: 26

rFire   + + .      SeeInvis .    h - +∞ Axe of Woe
rCold   x . .      Faith    .    (shield currently unavailable)
rNeg    . . .      Spirit   .    a - +0 leather armour
rPois   ∞          Reflect  .    (no helmet)
rElec   .          Rampage  .    (no cloak)
rCorr   .          NoTele   +    (no gloves)
Will    ++...                    (boots unavailable)
Stlth   ++++++++++               (no amulet)
HPRegen 0.58/turn                (no ring)
MPRegen 0.00/turn                (no ring)

@: flying, slowed, very slow
A: sickness immunity, fire resistance 2, cold vulnerability 1, float, innate
caster, HP casting, extra vitality 1
a: Renounce Religion, Minor Destruction, Lesser Servant of Makhleb, Major
Destruction, Greater Servant of Makhleb


You were in the Dungeon.
You worshipped Makhleb.
Makhleb was exalted by your worship.
You visited 1 branch

Inventory:

Hand Weapons
 h - the +∞ Axe of Woe (weapon)
   (You found it in the Dungeon)
Missiles
 c - 7 boomerangs of dispersal (quivered)
Armour
 a - a +0 leather armour (worn)
Scrolls
 b - 2 scrolls of blinking
Potions
 d - a potion of curing
 e - a potion of heal wounds
 f - a potion of haste
 g - a potion of berserk rage


   Skills:
 O Level 27 Fighting
 O Level 27 Short Blades
 + Level 23.9(27) Long Blades
 O Level 27 Axes
 O Level 27 Maces & Flails
 O Level 27 Polearms
 O Level 27 Staves
 + Level 22.2 Ranged Weapons
 O Level 27 Throwing
 O Level 27 Armour
 O Level 27 Dodging
 O Level 27 Stealth
 + Level 25.8 Shields
 O Level 27 Unarmed Combat
 O Level 27 Spellcasting
 O Level 27 Invocations
 + Level 25.8 Evocations


You knew the following spells:

 Your Spells              Type           Power      Damage    Failure   Level
a - Blink                 Tloc           100%       N/A       0%          2
b - Lesser Beckoning      Tloc           100%       N/A       0%          2
c - Vhi's Electric Charg  Tloc/Air       100%       N/A       0%          3
d - Teleport Other        Tloc           82%        N/A       0%          3
e - Manifold Assault      Tloc           82%        N/A       0%          4
f - Shock                 Conj/Air       100%       1d9       0%          1
g - Ensorcelled Hibernat  Hex/Ice        100%       N/A       0%          2
h - Ozocubu's Armour      Ice            82%        N/A       0%          3
i - Hailstorm             Conj/Ice       82%        3d17      0%          3
j - Blade Hands           Tmut           41%        N/A       0%          5
k - Alistair's Intoxicat  Tmut/Pois      54%        N/A       0%          5
l - Iron Shot             Conj/Erth      41%        9d8       0%          6
m - Dispersal             Tloc           41%        N/A       0%          6
n - Ozocubu's Refrigerat  Ice            41%        4d16      1%          7
o - Discord               Hex            41%        N/A       1%          8
p - Necromutation         Tmut/Necr      41%        N/A       1%          8
q - Shatter               Erth           41%        3d32*     2%          9
r - Chain Lightning       Conj/Air       41%        3d54      2%          9
Your spell library was empty.

Dungeon Overview and Level Annotations

Branches:
Dungeon (1/1)

Altars:
Makhleb


Innate Abilities, Weirdness & Mutations

You are immune to sickness and miasma.
You are immune to poison.
Your flesh is very heat resistant. (rF++)
You are vulnerable to cold. (rC-)
You float through the air rather than walking.
You learn spells naturally, not from books.
Your magical power is your life essence.
You have superior vitality. (+4 MHP)


Message History

* * * LOW HITPOINT WARNING * * *
The accursed casts a spell at you. Something smites you!
* * * LOW HITPOINT WARNING * * *
You hear a shout! x3
The meat berserker rages.
A bag of meat comes into view. It is wielding a +9 war axe. x2
You hear a shout!
The meat berserker rages.
You hear a shout!
The tyrant moves out of view.
You hear a shout!
Your base Long Blades skill gained 3 levels and is now at level 23!
Your Ranged Weapons skill gained 4 levels and is now at level 22!
Your Shields skill gained 4 levels and is now at level 25!
Your Evocations skill gained 4 levels and is now at level 25! 2 meat berserkers come into view.
Unknown command.
Unknown command.
The bag of meat shouts!
You slice the meat berserker!!
You slaughter the meat berserker joyfully.
You kill the meat berserker!
Makhleb accepts your kill.
You feel better.
The meat beast appears out of thin air!
A meat beast comes into view.
You hear a shout! x5
A bag of meat comes into view. It is wielding a +9 war axe.
The meat berserker rages. x2
A bag of meat comes into view. It is wielding a +9 war axe.
The meat beast is engulfed in blazing flames.
The meat beast bites you!
* * * LOW HITPOINT WARNING * * *
The meat beast tramples you!
* * * LOW HITPOINT WARNING * * *
You hold your ground!
You hear a shout!
The meat berserker is engulfed in blazing flames.
The meat berserker hits you with a +9 battleaxe!!
You die...

#. .o..# #.o. #.2.
...# .. .ooO###...
...###...
..L......###o...o...
.#..O....._)))....o.
.......#..o))#
.......#_.<)_#
......M#☼))))#..
#...§2@O)_..o..
.......○☼###......
...o###☼.oV...###..
... #...W.o.# . .
#...O.o.# ......M.o
.......Oo ........O.


You could see 2 accurseds, 2 meat beasts, a tyrant, a destroyer, a dread, 6 meat
berserkers and 12 bags of meat.

Vanquished Creatures
  Sigmund (D)
  A hell beast (D)
  3 royal mummies (D)
  5 vampire knights (D)
  21 ogres (D)
  5 two-headed ogres (D)
  2 liches (D)
  2 hydras (D)
  32 orcs (D)
  2 skeletal warriors (D)
74 creatures vanquished.

Notes
Turn   | Place    | Note
-------+----------+-------------------------------------------
     0 | D        | Found the +∞ Axe of Woe
     0 | D        | BigDaddyOpFi the Djinni Warper began the quest for the Orb.
     0 | D        | BigDaddyOpFi set off with the following spells memorised:
                  | Blink, Lesser Beckoning, Vhi's Electric Charge, Teleport
                  | Other, Manifold Assault.
     0 | D        | Reached XP level 1. HP: 18/18 MP: 0/0
     1 | D        | Noticed a meat berserker
     2 | D        | Noticed a bag of meat
     3 | D        | Noticed a bag of meat
     4 | D        | Killed a meat berserker
     4 | D        | Noticed a bag of meat
     4 | D        | Noticed a bag of meat
     4 | D        | Noticed a bag of meat
     5 | D        | Reached skill level 10 in Throwing
     5 | D        | Reached skill level 10 in Spellcasting
     5 | D        | Reached XP level 2. HP: 39/39 MP: 0/0
     5 | D        | Reached XP level 3. HP: 44/44 MP: 0/0
     5 | D        | Learned a level 1 spell: Shock
     5 | D        | Reached XP level 4. HP: 50/50 MP: 0/0
     5 | D        | Reached XP level 5. HP: 56/56 MP: 0/0
     5 | D        | Learned a level 2 spell: Ensorcelled Hibernation
     5 | D        | Reached XP level 6. HP: 62/62 MP: 0/0
     5 | D        | Reached XP level 7. HP: 67/67 MP: 0/0
     5 | D        | Learned a level 3 spell: Ozocubu's Armour
     5 | D        | Reached XP level 8. HP: 74/74 MP: 0/0
     5 | D        | Reached XP level 9. HP: 79/79 MP: 0/0
     5 | D        | Learned a level 3 spell: Hailstorm
     5 | D        | Reached XP level 10. HP: 85/85 MP: 0/0
     5 | D        | Reached XP level 11. HP: 91/91 MP: 0/0
     5 | D        | Learned a level 5 spell: Blade Hands
     5 | D        | Reached XP level 12. HP: 96/96 MP: 0/0
     6 | D        | Became a worshipper of Makhleb the Destroyer
     8 | D        | Killed a bag of meat
     9 | D        | Reached XP level 13. HP: 103/103 MP: 0/0
     9 | D        | Learned a level 5 spell: Alistair's Intoxication
     9 | D        | Killed a bag of meat
     9 | D        | Reached * piety under Makhleb
     9 | D        | Killed a bag of meat
     9 | D        | Killed a bag of meat
     9 | D        | Noticed a bag of meat
    10 | D        | Reached skill level 15 in Fighting
    10 | D        | Reached skill level 15 in Unarmed Combat
    10 | D        | Reached XP level 14. HP: 114/114 MP: 0/0
    10 | D        | Noticed a bag of meat
    10 | D        | Noticed a bag of meat
    11 | D        | Noticed a meat berserker
    12 | D        | Noticed a meat berserker
    13 | D        | Noticed a meat berserker
    14 | D        | Killed a meat berserker
    14 | D        | Reached ** piety under Makhleb
    14 | D        | Killed a meat berserker
    14 | D        | Noticed a large bag of meat
    15 | D        | Reached skill level 10 in Stealth
    15 | D        | Reached XP level 15. HP: 122/122 MP: 0/0
    15 | D        | Learned a level 6 spell: Iron Shot
    16 | D        | Reached skill level 10 in Axes
    17 | D        | Reached *** piety under Makhleb
    17 | D        | Killed a meat berserker
    18 | D        | Reached skill level 15 in Throwing
    18 | D        | Reached XP level 16. HP: 107/132 MP: 0/0
    20 | D        | Killed a large bag of meat
    20 | D        | Reached **** piety under Makhleb
    21 | D        | Reached XP level 17. HP: 129/139 MP: 0/0
    21 | D        | Learned a level 6 spell: Dispersal
    21 | D        | Noticed a meat berserker
    22 | D        | Reached skill level 15 in Spellcasting
    23 | D        | Killed a meat berserker
    23 | D        | Noticed a large bag of meat
    23 | D        | Noticed a meat berserker
    24 | D        | Reached skill level 15 in Invocations
    24 | D        | Noticed a destroyer
    25 | D        | Noticed a meat berserker
    25 | D        | Noticed a meat berserker
    26 | D        | Noticed a large bag of meat
    27 | D        | Killed a large bag of meat
    27 | D        | Killed a meat berserker
    27 | D        | Reached ***** piety under Makhleb
    28 | D        | Reached skill level 15 in Stealth
    28 | D        | Reached XP level 18. HP: 135/151 MP: 0/0
    28 | D        | Killed a meat berserker
    28 | D        | Killed a large bag of meat
    28 | D        | Noticed a meat berserker
    28 | D        | Noticed a destroyer
    28 | D        | Noticed a destroyer
    29 | D        | Reached skill level 15 in Axes
    29 | D        | Reached XP level 19. HP: 65/160 MP: 0/0
    29 | D        | Learned a level 7 spell: Ozocubu's Refrigeration
    29 | D        | Killed a meat berserker
    31 | D        | Killed a destroyer
    31 | D        | Killed a destroyer
    31 | D        | Reached ****** piety under Makhleb
    32 | D        | Reached XP level 20. HP: 168/172 MP: 0/0
    32 | D        | Killed a destroyer
    32 | D        | Killed a meat berserker
    34 | D        | Noticed a meat berserker
    35 | D        | Reached XP level 21. HP: 174/181 MP: 0/0
    35 | D        | Learned a level 8 spell: Discord
    36 | D        | Reached skill level 27 in Dodging
    36 | D        | Noticed an eight-headed meat hydra
    36 | D        | Noticed a meat berserker
    37 | D        | Noticed a destroyer
    38 | D        | Noticed a destroyer
    38 | D        | Killed a destroyer
    38 | D        | Noticed a meat berserker
    39 | D        | Killed a meat berserker
    40 | D        | Killed a destroyer
    41 | D        | Reached skill level 27 in Fighting
    41 | D        | Reached skill level 27 in Armour
    41 | D        | Reached skill level 27 in Unarmed Combat
    41 | D        | Reached XP level 22. HP: 194/194 MP: 0/0
    42 | D        | Killed a meat berserker
    42 | D        | Noticed a tyrant
    43 | D        | Killed a nine-headed meat hydra
    43 | D        | Killed a meat berserker
    44 | D        | Noticed a meat berserker
    44 | D        | Noticed a tyrant
    45 | D        | Killed a tyrant
    45 | D        | Noticed a large bag of meat
    46 | D        | Reached skill level 27 in Invocations
    46 | D        | Reached XP level 23. HP: 201/201 MP: 0/0
    46 | D        | Learned a level 8 spell: Necromutation
    47 | D        | Noticed a large bag of meat
    49 | D        | Noticed an accursed
    49 | D        | Noticed an accursed
    49 | D        | Noticed an accursed
    49 | D        | Killed a tyrant
    50 | D        | Reached skill level 27 in Throwing
    50 | D        | Reached skill level 27 in Stealth
    50 | D        | Killed a large bag of meat
    51 | D        | Reached skill level 27 in Axes
    51 | D        | Reached skill level 27 in Spellcasting
    51 | D        | Reached XP level 24. HP: 192/208 MP: 0/0
    51 | D        | Noticed an accursed
    51 | D        | Killed a large bag of meat
    54 | D        | Noticed The Captor
    55 | D        | Reached XP level 25. HP: 212/214 MP: 0/0
    55 | D        | Learned a level 9 spell: Shatter
    56 | D        | Killed an accursed
    57 | D        | Reached skill level 27 in Maces & Flails
    57 | D        | Reached skill level 27 in Polearms
    57 | D        | Noticed an accursed
    57 | D        | Noticed a meat beast
    58 | D        | Killed The Captor
    58 | D        | Killed a meat beast
    58 | D        | Noticed a destroyer
    59 | D        | Reached skill level 27 in Staves
    59 | D        | Reached skill level 27 in Short Blades
    59 | D        | Reached skill level 15 in Long Blades
    59 | D        | Reached XP level 26. HP: 204/221 MP: 0/0
    59 | D        | Reached XP level 27. HP: 211/228 MP: 0/0
    59 | D        | Learned a level 9 spell: Chain Lightning
    60 | D        | Reached skill level 15 in Ranged Weapons
    60 | D        | Noticed a dread
    61 | D        | Noticed a tyrant
    61 | D        | Noticed a meat beast
    61 | D        | Killed an accursed
    61 | D        | Killed an accursed
    61 | D        | Noticed a tyrant
    62 | D        | Mangled by a meat berserker

Illustrated notes

Levels and vault maps discovered:
D:        meatsprint

Skill      XL: |  1  2  3  4  5  6  7  8  9 10 11 12 13 14 15 16 17 18 19 20 21 22 23 24 25 26 27 |
---------------+----------------------------------------------------------------------------------+-----
Fighting       | 12 13 15 16 18 20 21 23 24 27 | 27.0
Throwing       | 10 11 12 14 15 17 18 20 21 23 25 27 | 27.0
Armour         | 12 13 14 16 17 18 20 21 23 24 27 | 27.0
Dodging        | 13 14 16 18 19 20 22 23 25 26 27 | 27.0
Unarmed Combat | 12 13 15 16 18 20 21 23 24 27 | 27.0
Spellcasting   | 10 11 13 14 16 17 18 19 21 23 27 | 27.0
Axes           | 3 7 9 11 12 14 15 17 19 21 23 27 | 27.0
Stealth        | 4 7 10 12 13 15 16 19 20 23 25 27 | 27.0
Invocations    | 4 8 11 13 14 17 18 20 22 25 27 | 27.0
Maces & Flails | 13 23 27 | 27.0
Polearms       | 13 23 27 | 27.0
Staves         | 27 | 27.0
Short Blades   | 27 | 27.0
Long Blades    | 15 23 | 23.9
Ranged Weapons | 14 22 | 22.2
Shields        | 16 25 | 25.8
Evocations     | 16 25 | 25.8

Action                     |  1- 3 |  4- 6 |  7- 9 | 10-12 | 13-15 | 16-18 | 19-21 | 22-24 | 25-27 || total
---------------------------+-------+-------+-------+-------+-------+-------+-------+-------+-------++-------
  Melee: Executioner's axe |     1 |       |       |     1 |     4 |     6 |     9 |    12 |     7 ||    40
   Cast: Vhi's Electric Ch |       |       |       |       |       |       |       |     2 |     1 ||     3
   Stab: Distracted        |       |       |       |       |       |       |     1 |       |       ||     1
  Dodge: Dodged            |       |       |       |     1 |       |       |     1 |       |     1 ||     3

Table legend: (Time is in decaauts)
 A = Elapsed time spent in this place.
 B = Non-inter-level travel time spent in this place.
 C = Inter-level travel time spent in this place.
 D = Time resting spent in this place.
 E = Time spent auto-exploring this place.
 F = Levels seen in this place.
 G = Mean time per level.
                   A        B        C        D        E       F      G
               +--------+--------+--------+--------+--------+-----+--------+
         Total |     64 |     64 |      0 |      0 |      0 |   1 |   64.0 |
       Dungeon |     64 |     64 |      0 |      0 |      0 |   1 |   64.0 |
               +--------+--------+--------+--------+--------+-----+--------+

Top non-repeatable levels by time:
       D: 64 daAuts
